[Event "22nd Alekhine FIDE 2018"]
[Site "Voronezh"]
[Date "2018.06.18"]
[Round "7"]
[White "Artemov, Nikita"]
[Black "Kulpin, Dmitriy"]
[Result "1/2-1/2"]
[ECO "B47"]
[WhiteElo "1970"]
[BlackElo "1954"]
[Annotator "NA RC"]
[PlyCount "79"]
[EventDate "2018.??.??"]
[EventType "swiss"]
[EventCountry "RUS"]
[SourceTitle "playchess.com"]
[Source "ChessBase"]
[SourceQuality "1"]
[TimeControl "5400+30"]

1. e4 c5 2. Nf3 e6 3. d4 cxd4 4. Nxd4 Nc6 5. Nc3 Qc7 6. Be2 a6 7. O-O Nf6 8. Kh1 Be7 9. Be3 d6 10. f4 O-O 11. Qe1 b5 12. a3 Bb7 {[%emt 0:00:22] LiveBook: 5 Games} 13. Bd3 Ng4 {[%emt 0:05:47] B48: Sicilian: Taimanov: 5 Nc3 Qc7 6 Be3 a6 without Be2} (13... Rfe8 14. Qg3 Nd7 15. Qh3 Nf8 16. Rf2 Nxd4 17. Bxd4 e5 18. Be3 exf4 19. Bxf4 Bf6 20. Raf1 Bxc3 21. bxc3 {0-1 (36) Khrapko,M (2050)-Teterev,V (2487) Minsk 2017}) 14. Bg1 Nxd4 15. Bxd4 e5 $146 ({Predecessor:} 15... Bf6 16. Bg1 Bxc3 17. bxc3 Qc6 18. Qg3 Nh6 19. f5 exf5 20. exf5 f6 21. Bd4 {1-0 (31) Braggaar,L (1837)-Harezlak,M (1641) Venlo 2007}) 16. Bg1 exf4 17. Rxf4 Ne5 18. Bd4 Bg5 19. Rf5 f6 20. Qg3 g6 21. Rf2 Qe7 $11 22. h4 Bh6 23. Raf1 Kg7 24. Nd1 Bc8 25. Be3 Be6 26. Bxh6+ Kxh6 27. Ne3 Rf7 28. Be2 Raf8 29. Bg4 Nxg4 30. Nxg4+ Bxg4 31. Qxg4 f5 32. exf5 Rxf5 33. Rxf5 Rxf5 34. Rxf5 gxf5 35. Qf4+ Kg6 36. h5+ Kxh5 37. Qxf5+ Kh4 38. Qf4+ Kh5 39. Qf5+ Kh4 40. Qf4+ 1/2-1/2

[Event "22nd Alekhine FIDE 2018"]
[Site "Voronezh"]
[Date "2018.06.18"]
[Round "7"]
[White "Nakonechny, Ignat"]
[Black "Yakimenko, Alexander A"]
[Result "1/2-1/2"]
[ECO "C04"]
[WhiteElo "1890"]
[BlackElo "2094"]
[Annotator "NA RC"]
[PlyCount "102"]
[EventDate "2018.??.??"]
[EventType "swiss"]
[EventCountry "RUS"]
[SourceTitle "playchess.com"]
[Source "ChessBase"]
[SourceQuality "1"]
[TimeControl "5400+30"]

1. e4 e6 2. d4 d5 3. Nd2 Nc6 4. Ngf3 Nf6 5. e5 Nd7 6. c3 f6 7. exf6 Qxf6 8. Bd3 e5 {[%emt 0:04:21] C04: French Tarrasch: 3...Nc6} 9. O-O Bd6 {[%emt 0:09:44] LiveBook: 3 Games} ({Black should play} 9... Be7 $14) 10. Qb3 (10. Qc2 e4 11. Bxe4 dxe4 12. Nxe4 Qg6 13. Nxd6+ Qxd6 14. Re1+ Kf8 15. b4 Qg6 16. Qxg6 hxg6 {1-0 (27) Cukrowski,F (2372)-Stupak,K (2562) Bialystok 2016}) 10... Nb6 $146 ({Predecessor:} 10... Ne7 11. Re1 h6 12. c4 exd4 13. cxd5 Nc5 14. Ne4 Nxe4 15. Rxe4 O-O 16. Rxd4 {0-1 (70) Liang,H (2131)-Stoleriu,G (2315) Montevideo 2017}) 11. dxe5 Nxe5 12. Nxe5 Bxe5 13. Nf3 O-O 14. Bg5 Qd6 15. Rfe1 Rxf3 16. gxf3 Bh3 17. Qb4 Bxh2+ 18. Kh1 Qxb4 19. cxb4 Bd6 20. a3 Kf7 21. Bh4 c6 22. Re2 g6 23. Rae1 Nc4 24. Bg3 Bf8 25. Bxc4 dxc4 26. Re4 Bf5 27. Rxc4 Rd8 28. b5 cxb5 29. Rc7+ Rd7 30. Rec1 a5 31. Rxd7+ Bxd7 32. Rc7 Ke6 33. Rxb7 a4 34. Kg2 Bg7 35. Rb6+ Ke7 36. Bh4+ Kf7 37. Rd6 Be6 38. Rd2 Bh6 39. Rc2 Bc4 40. Bd8 Bf4 41. Ba5 Ke6 $16 42. Bb6 Be5 43. Rd2 Kf5 44. Bd4 Bf4 45. Rd1 h5 46. Re1 g5 47. Re8 Bd5 48. Rf8+ Ke6 49. Rf6+ Ke7 {[%emt 0:00:15] [#]} 50. Rb6 $1 g4 51. Rxb5 Bxf3+ 1/2-1/2

[Event "22nd Alekhine FIDE 2018"]
[Site "Voronezh"]
[Date "2018.06.19"]
[Round "8"]
[White "Popelyshev, Igor V"]
[Black "Tikhonov, Viacheslav"]
[Result "0-1"]
[ECO "C00"]
[WhiteElo "2095"]
[BlackElo "1993"]
[Annotator "NA RC"]
[PlyCount "59"]
[EventDate "2018.??.??"]
[EventType "swiss"]
[EventCountry "RUS"]
[SourceTitle "playchess.com"]
[Source "ChessBase"]
[SourceQuality "1"]
[TimeControl "5400+30"]

1. e4 e6 2. Qe2 c5 3. g3 Nc6 4. c3 g6 5. d3 Bg7 6. Bg2 Nge7 7. f4 d6 8. Nf3 O-O 9. O-O {LiveBook: 21 Games} b6 10. Nbd2 Ba6 11. Rd1 Qd7 12. Nf1 Rad8 13. Be3 f5 14. c4 (14. Qc2 $15) 14... fxe4 15. dxe4 d5 16. Rac1 Nc8 17. e5 Qe8 18. b3 Na5 19. Bd2 Nc6 20. Bc3 h6 21. Qc2 dxc4 22. bxc4 Bxc4 23. Ne3 Bd5 24. Nxd5 exd5 25. Nh4 N8e7 26. Qb3 Qf7 27. Rc2 $2 (27. Rf1 $15) 27... g5 28. fxg5 hxg5 29. Rf1 $19 Qe6 30. Nf3 0-1

[Event "22nd Alekhine FIDE 2018"]
[Site "Voronezh"]
[Date "2018.06.19"]
[Round "8"]
[White "Yakimenko, Alexander A"]
[Black "Tverdokhleb, Aleksandr"]
[Result "1/2-1/2"]
[ECO "C44"]
[WhiteElo "2094"]
[BlackElo "1889"]
[Annotator "NA RC"]
[PlyCount "94"]
[EventDate "2018.??.??"]
[EventType "swiss"]
[EventCountry "RUS"]
[SourceTitle "playchess.com"]
[Source "ChessBase"]
[SourceQuality "1"]
[TimeControl "5400+30"]

1. e4 Nf6 2. d3 d5 3. Nd2 e5 4. Ngf3 Nc6 {LiveBook: 109 Games} 5. Be2 Bg4 6. c3 Be7 7. Qc2 h6 8. O-O O-O 9. Re1 Be6 10. b4 a6 11. Bb2 d4 12. a3 dxc3 13. Qxc3 Nd7 14. Rad1 a5 15. b5 Nd4 $1 16. Nxd4 exd4 17. Qc1 ({Avoid the trap} 17. Qxd4 $2 Bf6 $19) 17... Nc5 18. f4 a4 19. Nc4 Nb3 20. Qc2 Bd7 21. Nd2 Bxb5 22. e5 Nxd2 23. Qxd2 c5 24. Bf3 Qc7 25. Qf2 Bc6 26. Bg4 b5 27. f5 Bg5 28. Bc1 Qd8 29. f6 gxf6 30. e6 fxe6 31. Bxe6+ Kh8 32. h4 Bxc1 33. Rxc1 Qd6 34. Qf5 (34. Qd2) 34... Qg3 35. Bd5 $19 Bxd5 36. Qxd5 Rae8 37. Rf1 Re2 38. Qf5 Ree8 39. Qd5 Re2 40. Qc6 Rg8 41. Qxf6+ Qg7 42. Qxg7+ Rxg7 43. Rf2 Re5 44. Rf6 Kh7 45. Rb6 Re2 46. Rxc5 Rgxg2+ 47. Kf1 Rgf2+ {Ke1} 1/2-1/2

[Event "22nd Alekhine FIDE 2018"]
[Site "Voronezh"]
[Date "2018.06.19"]
[Round "8"]
[White "Bobkov, Vadim"]
[Black "Zaitseva, Lyudmila"]
[Result "1-0"]
[ECO "A40"]
[WhiteElo "2058"]
[BlackElo "1954"]
[Annotator "NA RC"]
[PlyCount "103"]
[EventDate "2018.??.??"]
[EventType "swiss"]
[EventCountry "RUS"]
[SourceTitle "playchess.com"]
[Source "ChessBase"]
[SourceQuality "1"]
[TimeControl "5400+30"]

1. d4 Nf6 2. c4 e6 3. g3 b6 4. Bg2 d5 5. Nf3 Bb7 6. O-O Be7 {[%emt 0:00:22] LiveBook: 158 Games} 7. Nbd2 O-O 8. Qc2 Nbd7 9. cxd5 exd5 10. b3 c5 11. dxc5 bxc5 12. Bb2 Rc8 13. Rac1 Qb6 14. Rfd1 Rfd8 15. e3 Nf8 16. Qb1 Ne6 17. Qa1 Ne8 18. Ne5 Bf6 19. Ndf3 Nd6 20. Ne1 {[%emt 0:25:24] [#]} d4 $1 21. exd4 cxd4 22. Rxc8 Rxc8 23. Nd7 Qd8 24. Nxf6+ Qxf6 25. Bxb7 Nxb7 26. Bxd4 Nxd4 27. Qxd4 Qxd4 28. Rxd4 Rc7 29. Nd3 f6 30. Kg2 Kf7 31. Kf3 Ke7 32. Rc4 Rd7 33. Nc5 Nxc5 34. Rxc5 Kd6 35. Rc2 Re7 36. Re2 Rc7 37. Rd2+ Ke5 38. Ke3 Rc3+ 39. Rd3 Rc7 40. b4 g6 41. b5 Rd7 42. Rd2 Rc7 43. Rd3 Rc2 44. Ra3 Rc5 $2 (44... Rc7 {might work better.} 45. Ra6 f5) 45. Ra5 ({Schwächer ist} 45. Rxa7 Rxb5 46. Rxh7 Ra5 $16) 45... a6 46. a4 axb5 (46... Rc3+ $142 47. Kd2 Kd4 48. bxa6 Rc8) 47. Rxb5 Rxb5 48. axb5 Kd5 49. b6 Kc6 50. Ke4 Kxb6 51. Kd5 Kb5 $18 52. Ke6 1-0

[Event "22nd Alekhine FIDE 2018"]
[Site "Voronezh"]
[Date "2018.06.19"]
[Round "8"]
[White "Ilyina, Lada"]
[Black "Kuzmin, Roman"]
[Result "1-0"]
[ECO "B20"]
[WhiteElo "2031"]
[BlackElo "1963"]
[Annotator "NA RC"]
[PlyCount "85"]
[EventDate "2018.??.??"]
[EventType "swiss"]
[EventCountry "RUS"]
[SourceTitle "playchess.com"]
[Source "ChessBase"]
[SourceQuality "1"]
[TimeControl "5400+30"]

1. e4 c5 2. d3 e6 3. g3 Nc6 4. Bg2 d5 5. Nd2 Nf6 {[%emt 0:00:23] LiveBook: 265 Games} 6. f4 dxe4 7. Nxe4 Nxe4 8. Bxe4 Qc7 9. Ne2 Bd6 10. Be3 e5 11. f5 Nd4 12. O-O g6 13. Nxd4 exd4 {[%emt 0:01:48] [#]} 14. Bg5 $1 Bxg3 (14... O-O {is a better defense.}) 15. Qe2 Be5 16. Bc6+ $2 (16. Rae1 $18) 16... bxc6 17. Bf6 O-O 18. Bxe5 Re8 19. Rae1 Qe7 {[%emt 0:00:11] [#]} (19... Qd7 $1 $14 20. Qd2 f6 21. Bxf6 Rxe1 22. Qxe1 Qf7 23. fxg6 Qxg6+ 24. Qg3 Qxg3+ 25. hxg3 Be6) 20. Qg2 (20. Qd2 $1 $16 Qh4 21. Bg3) 20... Bd7 21. Re4 Qf8 $2 {[%emt 0:03:06] [#]} (21... Qxe5 $11 {and Black stays safe.} 22. Rxe5 Rxe5) 22. fxg6 $1 hxg6 23. Qg5 Re6 (23... Rxe5 $142 24. Rxe5 Re8) 24. Rh4 Rxe5 25. Qxe5 Qg7 26. Qxc5 Re8 27. Qxd4 Qxd4+ 28. Rxd4 Bh3 29. Rf3 Be6 30. c4 c5 31. Rd6 Bg4 32. Rf2 Bh3 33. Rd2 Re1+ 34. Kf2 Ra1 35. b3 g5 36. Rd5 g4 37. Rxc5 $18 f5 38. Kg3 Rg1+ 39. Kf4 Rf1+ 40. Kg5 f4 41. Kg6 g3 42. Re2 Bd7 43. Rc8+ 1-0

[Event "22nd Alekhine FIDE 2018"]
[Site "Voronezh"]
[Date "2018.06.19"]
[Round "8"]
[White "Kitaev, Roman"]
[Black "Kulpin, Dmitriy"]
[Result "1-0"]
[ECO "B44"]
[WhiteElo "2031"]
[BlackElo "1954"]
[Annotator "NA RC"]
[PlyCount "77"]
[EventDate "2018.??.??"]
[EventType "swiss"]
[EventCountry "RUS"]
[SourceTitle "playchess.com"]
[Source "ChessBase"]
[SourceQuality "1"]
[TimeControl "5400+30"]

1. e4 c5 2. Nf3 e6 3. d4 cxd4 4. Nxd4 Nc6 5. Nb5 d6 6. c4 a6 7. N5c3 Nf6 8. Na3 Be7 9. Be2 O-O 10. O-O b6 11. Be3 Rb8 12. Rc1 Bb7 13. f3 Re8 14. Nc2 {LiveBook: 3 Games} Qc7 15. Qd2 Red8 16. Nd4 Nxd4 17. Bxd4 Nd7 18. Rfd1 Rbc8 19. Bf1 Qb8 20. Qf2 Bc6 21. a4 Nc5 22. Qc2 a5 23. b3 Qb7 24. Qb2 Bf8 25. Kh1 Rd7 26. Ra1 Na6 27. Nd5 exd5 28. cxd5 Bxd5 29. Bxa6 Qxa6 30. exd5 Rdc7 31. Rd2 b5 32. h3 Qb7 33. b4 bxa4 (33... axb4 $11 34. Qxb4 Ra8) 34. bxa5 Qa6 35. Rxa4 Rc1+ 36. Kh2 g6 ({Better is} 36... Qf1 $14) 37. Re2 Bh6 38. Bf6 Bf4+ (38... R1c4 $18 39. Rxc4 Qxc4) 39. Rxf4 1-0

[Event "22nd Alekhine FIDE 2018"]
[Site "Voronezh"]
[Date "2018.06.20"]
[Round "9"]
[White "Abramov, Ilya"]
[Black "Kuzmin, Roman"]
[Result "1/2-1/2"]
[ECO "D93"]
[WhiteElo "2089"]
[BlackElo "1963"]
[Annotator "NA RC"]
[PlyCount "28"]
[EventDate "2018.??.??"]
[EventType "swiss"]
[EventCountry "RUS"]
[SourceTitle "playchess.com"]
[Source "ChessBase"]
[SourceQuality "1"]
[TimeControl "5400+30"]

1. d4 Nf6 2. c4 g6 3. Nc3 d5 4. Bf4 Bg7 5. e3 O-O 6. Nf3 c6 7. h3 Nbd7 8. Bd3 {[%emt 0:05:02] LiveBook: 3 Games} dxc4 9. Bxc4 Nb6 10. Bd3 Nbd5 11. Be5 Qb6 12. Qd2 a5 ({Besser ist} 12... Bf5 $14) 13. e4 Nb4 14. Bc4 $16 Rd8 1/2-1/2

[Event "22nd Alekhine FIDE 2018"]
[Site "Voronezh"]
[Date "2018.06.20"]
[Round "9"]
[White "Zisin, Oleg"]
[Black "Efendiev, Enver"]
[Result "1/2-1/2"]
[ECO "C63"]
[WhiteElo "2012"]
[BlackElo "1948"]
[Annotator "NA RC"]
[PlyCount "44"]
[EventDate "2018.??.??"]
[EventType "swiss"]
[EventCountry "RUS"]
[SourceTitle "playchess.com"]
[Source "ChessBase"]
[SourceQuality "1"]
[TimeControl "5400+30"]

1. e4 e5 2. Nf3 Nc6 3. Bb5 f5 4. d3 fxe4 5. dxe4 Nf6 6. O-O Bc5 7. Nc3 O-O 8. Bg5 d6 {LiveBook: 49 Games} 9. Bc4+ Kh8 10. Nd5 Bg4 11. Nxf6 gxf6 12. Bh6 Rg8 13. Bxg8 Qxg8 14. Be3 {[#]} (14. Kh1 $14 {bleibt weiter vorne.}) 14... f5 $17 15. h3 Bh5 16. Bxc5 fxe4 17. Qd2 Bxf3 18. g3 dxc5 19. c3 Rd8 20. Qc1 Rd6 21. Re1 Rg6 22. Kh2 Qe6 1/2-1/2

[Event "22nd Alekhine FIDE 2018"]
[Site "Voronezh"]
[Date "2018.06.20"]
[Round "9"]
[White "Tikhonov, Viacheslav"]
[Black "Tverdokhleb, Aleksandr"]
[Result "1-0"]
[ECO "D26"]
[WhiteElo "1993"]
[BlackElo "1889"]
[Annotator "NA RC"]
[PlyCount "29"]
[EventDate "2018.??.??"]
[EventType "swiss"]
[EventCountry "RUS"]
[SourceTitle "playchess.com"]
[Source "ChessBase"]
[SourceQuality "1"]
[TimeControl "5400+30"]

1. d4 d5 2. c4 dxc4 3. Nf3 Nf6 4. e3 e6 5. Bxc4 c5 6. O-O cxd4 7. exd4 Nbd7 8. Nc3 Nb6 9. Bb3 Be7 10. Qe2 O-O 11. Rd1 Nbd5 {[%emt 0:22:33] LiveBook: 3 Games} 12. Bg5 Re8 13. Ne5 $16 Bd7 14. Rd3 Rc8 15. Rh3 1-0

[Event "22nd Alekhine FIDE 2018"]
[Site "Voronezh"]
[Date "2018.06.20"]
[Round "9"]
[White "Artemov, Nikita"]
[Black "Yakimenko, Alexander A"]
[Result "1-0"]
[ECO "C04"]
[WhiteElo "1970"]
[BlackElo "2094"]
[Annotator "NA RC"]
[PlyCount "73"]
[EventDate "2018.??.??"]
[EventType "swiss"]
[EventCountry "RUS"]
[SourceTitle "playchess.com"]
[Source "ChessBase"]
[SourceQuality "1"]
[TimeControl "5400+30"]

1. e4 e6 2. d4 d5 3. Nd2 Nc6 4. Ngf3 Nf6 5. e5 Nd7 6. c4 f6 {[%emt 0:03:39] C04: French Tarrasch: 3...Nc6} (6... Be7 7. Bd3 Nb4 8. Bb1 dxc4 9. Nxc4 Nb6 10. Ncd2 Bd7 11. a3 N4d5 12. O-O Ba4 13. Bc2 Qd7 14. Ne4 Bxc2 15. Qxc2 {½-½ (49) Jobava,B (2706)-Kuzubov,Y (2615) Plovdiv 2012}) 7. cxd5 exd5 {[%emt 0:00:12] LiveBook: 4 Games} 8. Bb5 Be7 9. O-O O-O 10. e6 Nb6 11. Re1 Qd6 12. Nb3 Nd8 $146 {[%emt 0:07:11] [#]} (12... a6 $11 13. Bxc6 Qxc6) ({Predecessor:} 12... Bxe6 13. Qe2 Kf7 14. Bf4 {1-0 (37) Pogonina,N (2472)-Khader,S (2450) Moscow 2011}) 13. Nc5 $1 c6 14. Bd3 g6 (14... Nxe6 {is a better defense.} 15. Qe2 Nxc5 16. dxc5 Qxc5) 15. g3 Nxe6 {[%emt 0:02:13] [#]} 16. Rxe6 $1 Bxe6 17. Bf4 Qxf4 (17... Qd8 $142) 18. gxf4 Bg4 19. Kg2 Bd6 20. Qc2 Rf7 21. h3 Bh5 22. Ne6 Re8 23. f5 gxf5 24. Bxf5 Kh8 25. Nh2 Rfe7 26. Ng4 Nd7 27. Re1 Bf7 28. Nh6 Bxe6 29. Bxe6 Rxe6 30. Rxe6 Rxe6 31. Qf5 Re7 32. Kf1 Bc7 33. Qg4 Rg7 34. Qe6 Nf8 35. Qe8 Bd6 $18 36. Nf5 Bb4 37. a3 1-0

[Event "22nd Alekhine FIDE 2018"]
[Site "Voronezh"]
[Date "2018.06.20"]
[Round "9"]
[White "Kulpin, Dmitriy"]
[Black "Bobkov, Vadim"]
[Result "1-0"]
[ECO "E04"]
[WhiteElo "1954"]
[BlackElo "2058"]
[Annotator "NA RC"]
[PlyCount "109"]
[EventDate "2018.??.??"]
[EventType "swiss"]
[EventCountry "RUS"]
[SourceTitle "playchess.com"]
[Source "ChessBase"]
[SourceQuality "1"]
[TimeControl "5400+30"]

1. d4 d5 2. Nf3 Nf6 3. c4 e6 4. g3 dxc4 5. Bg2 Nc6 6. O-O Rb8 7. a4 a6 8. a5 b5 {[%emt 0:00:54] E04: Katalanisch} 9. axb6 $1 cxb6 10. Bf4 Bd6 11. Ne5 Ne7 $1 12. Nxc4 Bxf4 13. gxf4 {[%emt 0:00:02] LiveBook: 4 Games} O-O {[%emt 0:01:02] [#]} 14. Nc3 $146 ({Vorgänger:} 14. e3 Nfd5 15. Ne5 Bb7 16. Nd2 Ng6 17. Nxg6 hxg6 18. Nf3 Qe7 19. Ne5 Nb4 20. Bxb7 Rxb7 21. Rc1 Rc7 22. Rxc7 Qxc7 23. Qd2 {½-½ (23) Timoshenko,G (2510)-Novikov,I (2580) Nova Gorica 1997}) 14... Ng6 15. Ne5 (15. e3 $11 {hält das Gleichgewicht.}) 15... Nxf4 16. Bf3 Qd6 17. e3 N4d5 18. Ne2 Bb7 19. Ng3 b5 20. Rc1 Rfc8 21. Rxc8+ Rxc8 22. e4 (22. Qd2 $142) 22... Ne7 23. Qd2 Qc7 24. Re1 Ng6 25. Nd3 Qd8 26. Qe3 Nd7 27. Rd1 Nh4 28. Bh1 Nb6 29. Ne5 f6 ({Günstiger ist} 29... Ng6 30. Bf3 Qd6) 30. Nf3 (30. Nd3 $17) 30... Nc4 31. Qe2 {[%emt 0:00:27] [#]} Ng6 $1 32. b3 Nf4 33. Qa2 Qa5 34. Qb1 (34. Qa1 {might work better.} Qxa1 35. Rxa1) 34... Na3 35. Qa1 Rc2 36. Bg2 b4 37. Ne1 Rc3 38. Bf1 (38. Qa2 {might work better.}) 38... Qc7 (38... Rxb3 $2 39. Qa2 $17) (38... h5 $142 39. d5 h4) 39. Qb2 (39. Nd3 $142) 39... Nc2 40. Bc4 $2 (40. d5 exd5 41. Nxc2 Rxc2 42. Qd4) 40... Nh3+ 41. Kg2 Nxe1+ 42. Rxe1 Nf4+ 43. Kf1 Qd6 44. Qd2 h5 ({Black should try} 44... a5 $17 45. e5 fxe5 46. Rxe5 Rf3 47. Rxa5 g6) 45. h4 $2 (45. e5 $1 $11 {und Weiss ist OK.} Qc6 46. Qxf4 Qg2+ 47. Ke2) 45... Rf3 46. Qd1 Rc3 47. Nxh5 Rh3 $2 (47... Bc8 $11) 48. Nxf4 Rh1+ 49. Ke2 Qxf4 50. Rxh1 Bxe4 51. Bxe6+ Kh8 52. Rh3 f5 53. Rg3 $18 Qxh4 54. Qf1 Qh5+ 55. Ke1 1-0